 Dungeon Crawl Stone Soup version 0.22-a0-284-g99d1f74 (webtiles) character file.

595 Azzok the Fighter (level 7, -7/76 HPs)
             Began as a Gargoyle Berserker on Mar 20, 2018.
             Was a Believer of Trog.
             Killed by divine providence
             ... invoked by an orc priest
              (14 damage)
             ... on level 4 of the Dungeon.
             The game lasted 00:05:23 (3210 turns).

Azzok the Fighter (Gargoyle Berserker)              Turns: 3210, Time: 00:05:24

Health: -7/76      AC: 17    Str: 25    XL:     7   Next: 40%
Magic:  7/7        EV:  2    Int: 10    God:    Trog [**....]
Gold:   154        SH: 14    Dex:  9    Spells: 6/6 levels left

rFire    . . .     SeeInvis .   f - +1 whip (elec)
rCold    . . .     Gourm    .   e - +2 large shield
rNeg     + . .     Faith    .   q - +0 plate armour
rPois    ∞         Spirit   .   n - +2 hat
rElec    +         Reflect  .   (no cloak)
rCorr    .         Harm     .   (no gloves)
MR       .....                  (no boots)
Stlth    ..........             (no amulet)
HPRegen  0.22/turn              (no ring)
MPRegen  0.10/turn              (no ring)

@: berserking, very quick
A: negative energy resistance 1, electricity resistance, unbreathing,
petrification resistance, rot immunity, AC +4
a: Berserk, Trog's Hand, Renounce Religion


You were on level 4 of the Dungeon.
You worshipped Trog.
Trog was pleased with you.
You were hungry.

You visited 1 branch of the dungeon, and saw 4 of its levels.

You collected 154 gold pieces.

Inventory:

Hand Weapons
 a - a +0 falchion
 f - a +1 whip of electrocution (weapon)
Armour
 e - a +2 large shield (worn)
 n - a +2 hat (worn)
 q - a +0 plate armour (worn)
Jewellery
 o - an uncursed amulet of guardian spirit {unknown}
 s - an uncursed amulet of guardian spirit {unknown}
Wands
 r - a wand of disintegration (14)
Scrolls
 h - 2 scrolls of identify {unknown}
 i - 2 scrolls of immolation {unknown}
 m - 3 scrolls of teleportation {unknown}
Potions
 b - 2 potions of invisibility {unknown}
 d - a potion of degeneration {unknown}
 g - 2 potions of curing {unknown}
 k - a potion of lignification {unknown}
 l - a potion of heal wounds {unknown}
 p - a potion of berserk rage {unknown}
Comestibles
 c - 10 rations
 j - 6 chunks of flesh


   Skills:
 + Level 9.1 Fighting
 - Level 2.6 Long Blades
 - Level 2.1 Armour
 - Level 1.5 Dodging


You had 6 spell levels left.
You didn't know any spells.

Dungeon Overview and Level Annotations

Branches:
Dungeon (4/15)
 Temple: D:4-7

Altars:


Innate Abilities, Weirdness & Mutations

You are resistant to torment.
Your stone body is resilient. (AC +4)
You are immune to poison.
You resist negative energy. (rN+)
You are resistant to electric shocks. (rElec)
You can survive without breathing.
You are immune to petrification.
You are immune to rotting.


Message History

* * * LOW HITPOINT WARNING * * *
You hit the orc.
You kill the orc!
Trog accepts your kill.
The orc priest looks braver for a moment.
A red film seems to cover your vision as you go berserk!
You feel yourself moving faster!
You feel mighty!
You are feeling hungry.
You block the orc priest's attack.
You closely miss the orc priest. You barely miss the orc priest.
The orc priest calls down the wrath of Beogh upon you.
You struggle to resist.
You hit the orc priest.
The orc priest is lightly wounded.
The orc wizard mumbles some strange words.
The orc wizard seems to speed up.
The orc priest invokes the aid of Beogh against you.
Beogh smites you!
You die...

▒[····▒ · ▒·····▒▒▒▒▒▒ ·
▒▒▒··········▒▒▒▒▒·
▒▒·················· ▒▒▒▒▒
▒▒▒··▒················ ▒···▒▒▒▒
▒···▒▒···············[ ▒
▒·▒····▒▒▒·▒▒▒▒················
▒▒▒·▒▒▒▒·····▒▒▒▒▒▒·▒▒···········
(···············@ooo·······>·····
··▒▒▒▒▒▒▒▒·▒▒▒▒▒▒▒▒·▒▒···········
···▒▒▒ ▒·▒ ▒··············
·▒···▒▒▒▒▒·▒ ▒▒···▒▒·········
·▒▒▒·······▒ ▒▒··▒·▒▒▒▒▒▒▒▒▒▒▒ ▒▒
▒▒··▒▒▒▒▒ ▒▒···▒·▒▒▒···▒ ▒
▒▒▒··▒▒▒ ▒····▒·······▒ ▒
▒······▒▒▒ ▒▒·▒^▒▒▒▒▒··)·▒
▒▒▒·▒▒▒▒···▒▒▒▒··▒·▒ ▒▒···▒


You could see an orc priest, an orc wizard and an orc.

Vanquished Creatures
  A phantom (D:3)
  An ogre (D:2)
  A scorpion (D:4)
  A howler monkey (D:4)
  An orc priest (D:3)
  A bullfrog skeleton (D:4)
  A hound (D:4)
  A worker ant (D:4)
  3 orc wizards (D:4)
  3 gnolls (D:4)
  2 adders
  A shadow imp (D:3)
  2 oozes
  A worm (D:2)
  3 dart slugs
  5 leopard geckos
  6 orcs
  3 ball pythons
  3 bats
  4 giant cockroaches
  3 goblins
  9 hobgoblins
  4 jackals (D:1)
  2 quokkas
  3 frilled lizards
  5 kobolds
  A leopard gecko skeleton (D:4)
  11 rats
82 creatures vanquished.

Notes
Turn   | Place    | Note
-------+----------+-------------------------------------------
     0 | D:1      | Azzok the Gargoyle Berserker began the quest for the Orb.
     0 | D:1      | Reached XP level 1. HP: 14/14 MP: 1/1
    94 | D:1      | Reached XP level 2. HP: 17/20 MP: 2/2
   192 | D:1      | Reached skill level 4 in Fighting
   707 | D:1      | Reached XP level 3. HP: 24/24 MP: 3/3
  1022 | D:2      | Reached skill level 5 in Fighting
  1242 | D:2      | Reached ** piety under Trog
  1325 | D:2      | Reached XP level 4. HP: 30/31 MP: 4/4
  1484 | D:2      | Noticed an ogre
  1489 | D:2      | Killed an ogre
  1489 | D:2      | Reached skill level 6 in Fighting
  1489 | D:2      | Reached XP level 5. HP: 37/37 MP: 5/5
  2222 | D:3      | Reached skill level 7 in Fighting
  2643 | D:4      | Noticed a phantom
  2688 | D:3      | Killed a phantom
  2688 | D:3      | Reached XP level 6. HP: 31/44 MP: 6/6
  2892 | D:4      | Reached skill level 8 in Fighting
  2980 | D:4      | Reached XP level 7. HP: 50/50 MP: 7/7
  3096 | D:4      | Reached skill level 9 in Fighting
  3210 | D:4      | Killed from afar by an orc priest

Vault maps used:
D:1:      onia_arrival_larder
D:2:      first_ration, minmay_cut_off
D:4:      minmay_temple_entry_nine_rooms

Skill      XL: |  1  2  3  4  5  6  7 |
---------------+----------------------+-----
Fighting       | 4 5 6 7 8 9 |  9.1
Long Blades    | |  2.6
Armour         | |  2.1
Dodging        | |  1.5

Action                   |  1- 3 |  4- 6 |  7- 9 || total
-------------------------+-------+-------+-------++-------
Melee: Falchion          |    33 |       |       ||    33
       Whip              |    60 |   183 |    50 ||   293
Invok: Berserk           |       |     1 |     1 ||     2
 Stab: Sleeping          |       |     1 |       ||     1
  Eat: Chunk             |     1 |     5 |     3 ||     9
Armor: Animal skin       |    35 |    10 |       ||    45
       Plate armour      |       |    72 |    32 ||   104
       Chain mail        |       |    13 |       ||    13
Dodge: Dodged            |    58 |    30 |       ||    88
Block: Large shield      |       |    93 |    34 ||   127
       Rpst.: Falchion   |     7 |       |       ||     7

Table legend:
 A = Spawn XP
 B = Non-spawn XP
 C = Spawn XP percentage of total XP
 D = Spawn monster count
 E = Non-spawn monster count
 F = Spawn count percentage of total count
 G = Total turns spent on level
                    A         B        C        D         E        F      G
               +---------+---------+-------+---------+---------+-------+---------
         Total |       0 |     851 |   0.0 |       0 |      82 |   0.0 |  3210
               +---------+---------+-------+---------+---------+-------+---------
           D:1 |       0 |      52 |   0.0 |       0 |      25 |   0.0 |  1016
           D:2 |       0 |     170 |   0.0 |       0 |      23 |   0.0 |   907
           D:3 |       0 |     205 |   0.0 |       0 |      16 |   0.0 |   940
           D:4 |       0 |     424 |   0.0 |       0 |      18 |   0.0 |   347
               +---------+---------+-------+---------+---------+-------+---------
